 Dungeon Crawl Stone Soup version 0.31-a0-1620-gcbf77bbcfc (webtiles) character file.

Game seed: 13742210546688254455

2533 Ivernyr the Blocker (level 9, -6/72 HPs)
             Began as a Formicid Fighter on Jan 11, 2024.
             Was a Believer of Zin.
             Mangled by a boulder beetle (14 damage)
             ... on level 6 of the Dungeon.
             The game lasted 00:10:50 (6236 turns).

Ivernyr the Blocker (Formicid Fighter)              Turns: 6236, Time: 00:10:51

Health: -6/72      AC: 10    Str: 31    XL:     9   Next: 84%
Magic:  10/10      EV: 10    Int:  8    God:    Zin [**....]
Gold:   360        SH:  7    Dex: 19    Spells: 8/8 levels left

rFire   . . .        a - +0 quarterstaff
rCold   . . .        c - +0 buckler
rNeg    . . .        b - +0 scale mail
rPois   .            (helmet unavailable)
rElec   .            k - +0 cloak
rCorr   .            e - +0 pair of gloves
SInv    +            (no boots)
Will    .....        (no amulet) Stlth
                     i - +6 ring of strength
HPRegen 0.32/turn    p - +6 ring of dexterity
MPRegen 0.12/turn

%: no passive effects
@: no status effects
A: permanent stasis, dig shafts and tunnels, antennae 3, four strong arms
a: Dig, Shaft Self, Renounce Religion, Recite, Vitalisation, Donate Gold


You were on level 6 of the Dungeon.
You worshipped Zin.
Zin was pleased with you.
You visited 1 branch of the dungeon, and saw 6 of its levels.

You collected 399 gold pieces.
You donated 39 gold pieces to Zin.

Inventory:

Hand Weapons
 a - a +0 quarterstaff (weapon)
Armour
 b - a +0 scale mail (worn)
 c - a +0 buckler (worn)
 e - a +0 pair of gloves (worn)
 k - a +0 cloak (worn)
Jewellery
 i - a +6 ring of strength (left hand)
 p - a +6 ring of dexterity (right hand)
Wands
 v - a wand of quicksilver (8)
 x - a wand of roots (3)
Scrolls
 g - 13 scrolls of identify {unknown}
 h - 2 scrolls of noise {unknown}
 j - 4 scrolls of revelation {unknown}
 l - 5 scrolls of enchant weapon {unknown}
 n - a scroll of summoning {unknown}
 t - a scroll of vulnerability {unknown}
 w - a scroll of teleportation {unknown}
 y - a scroll of enchant armour {unknown}
 z - a scroll of torment {unknown}
 B - a scroll of fog {unknown}
Potions
 f - 2 potions of curing {unknown}
 m - a potion of resistance {unknown}
 o - a potion of haste {unknown}
 q - 2 potions of cancellation {unknown}
 r - a potion of lignification {unknown}
 s - 2 potions of heal wounds {unknown}
 u - 3 potions of berserk rage {unknown}
 A - a potion of invisibility {unknown}


   Skills:
 + Level 7.0 Fighting
 * Level 8.1 Staves
 + Level 6.9 Armour
 + Level 8.3 Shields
 + Level 1.8 Invocations


You had 8 spell levels left.
You didn't know any spells.
Your spell library contained the following spells:

 Spells                   Type           Power      Damage    Failure   Level
 Ensorcelled Hibernation  Hex/Ice        0%         N/A       80%         2
 Lesser Beckoning         Tloc           0%         N/A       80%         2
 Momentum Strike          Conj/Tloc      0%         3d8       80%         2
 Static Discharge         Conj/Air       0%         3-3/arc   80%         2
 Fugue of the Fallen      Necr           0%         N/A       95%         3
 Airstrike                Air            0%         2d(0-16)  100%        4
 Anguish                  Hex/Necr       0%         N/A       100%        4
 Summon Lightning Spire   Summ/Air       0%         N/A       100%        4
 Blink                    Tloc           Unusable   N/A       N/A         2

Dungeon Overview and Level Annotations

Branches:
Dungeon (6/15)
 Temple: D:4-7

Altars:
Cheibriados
Vehumet
Xom
Zin

Shops:
D:2 ((*[(


Innate Abilities, Weirdness & Mutations

You cannot be hasted, slowed, berserked, paralysed or teleported.
You can dig through walls and to a lower floor.
You have a pair of large antennae on your head. (SInv)
Your four strong arms can wield two-handed weapons with a shield.


Message History

The boulder beetle is severely wounded.
The boulder beetle leaps!
The boulder beetle leaps!
You start resting.
HP restored.
The boulder beetle bites you!
You hit the boulder beetle but do no damage.
The boulder beetle bites you but does no damage.
You barely miss the boulder beetle. You block the boulder beetle's attack.
You hit the boulder beetle but do no damage.
The boulder beetle leaps!
The boulder beetle curls into a ball and begins rolling!
You sock the boulder beetle!
The boulder beetle is lightly wounded.
The boulder beetle hits you!!
The boulder beetle stops rolling and uncurls.
You hit the boulder beetle but do no damage.
The boulder beetle is lightly wounded.
The boulder beetle bites you but does no damage.
You hit the boulder beetle but do no damage.
The boulder beetle is lightly wounded.
The boulder beetle bites you but does no damage.
You hit the boulder beetle.
The boulder beetle is lightly wounded.
The boulder beetle bites you.
You sock the boulder beetle!
The boulder beetle is lightly wounded.
The boulder beetle bites you but does no damage.
You hit the boulder beetle.
The boulder beetle is moderately wounded.
The boulder beetle bites you but does no damage.
You hit the boulder beetle.
The boulder beetle is moderately wounded.
The boulder beetle bites you!
You hit the boulder beetle but do no damage.
The boulder beetle is moderately wounded.
The boulder beetle bites you!
* * * LOW HITPOINT WARNING * * *
The boulder beetle bites you!
You die...

#.... #.._. #####.###
######## ### ######.....###
.......### #.#
#....#.......#
###......###.###
##.#........._#
##.#.........##
#..####.......#
#..#.....#...###.##
##..#....
#####..#....##.B@...#
#.######
.............#.######### #.#
#
..........#..#°.....#..###.#
##
####......####.#..#.#..':###
##. # ##.#...## #......#
###.####.. #
##.###...###......#
#........ ###.##
#....##.#†.#.# #..###...
...## ##)#..#..)...#
##..###.. ...##
#.##.##)###### ##.####.


You could see a boulder beetle.

Vanquished Creatures
  A two-headed ogre (D:6)
  Sigmund (D:3)
  An ice beast (D:6)
  An orc warrior (D:6)
  A sky beast (D:6)
  2 ogres (D:6)
  A centaur (D:5)
  2 phantoms
  A howler monkey (D:6)
  5 bombardier beetles
  4 hounds
  4 jellies
  3 orc priests
  A gnoll bouda (D:6)
  3 iguanas (D:5)
  Jessica (D:3)
  Ijyb (D:3)
  3 orc wizards
  2 sleepcaps
  Robin (D:3)
  12 gnolls
  6 adders
  2 white imps (D:6)
  4 ufetubi (D:6)
  A dart slug (D:1)
  2 ribbon worms (D:2)
  11 orcs
  8 ball pythons
  5 endoplasms
  4 giant cockroaches
  10 hobgoblins
  9 jackals
  6 quokkas
  5 bats
  4 frilled lizards
  15 goblins
  4 kobolds
  3 rats
150 creatures vanquished.

Vanquished Creatures (others)
  An orc wizard (D:5)
1 creature vanquished.

Grand Total: 151 creatures vanquished

Notes
Turn   | Place    | Note
-------+----------+-------------------------------------------
     0 | D:1      | Ivernyr the Formicid Fighter began the quest for the Orb.
     0 | D:1      | Reached XP level 1. HP: 18/18 MP: 1/1
   118 | D:1      | Reached XP level 2. HP: 17/24 MP: 2/2
   316 | D:1      | Found a faded altar of an unknown god.
   428 | D:1      | Reached XP level 3. HP: 27/29 MP: 3/3
   924 | D:2      | Found Wusait's Antique Armour Emporium.
   941 | D:2      | Found Quicvitea's Assorted Antiques.
   973 | D:2      | Found a shimmering altar of Xom.
  1001 | D:2      | Reached XP level 4. HP: 30/37 MP: 4/4
  1038 | D:2      | Found Rochuute's Antique Weapon Emporium.
  1260 | D:2      | Found Wureveh's Antique Weapon Shoppe.
  1401 | D:2      | Found Qatez's Weapon Boutique.
  1574 | D:3      | Noticed Robin
  1597 | D:3      | Reached XP level 5. HP: 41/42 MP: 5/5
  1606 | D:3      | Killed Robin
  1663 | D:3      | Noticed Jessica
  1673 | D:3      | Killed Jessica
  1881 | D:3      | Noticed Sigmund
  1894 | D:3      | Killed Sigmund
  1895 | D:3      | Reached skill level 5 in Shields
  1895 | D:3      | Reached XP level 6. HP: 41/49 MP: 6/6
  2027 | D:3      | Noticed Ijyb
  2038 | D:3      | Killed Ijyb
  2438 | D:4      | Reached XP level 7. HP: 22/55 MP: 7/7
  2623 | D:4      | Reached skill level 5 in Staves
  3184 | D:4      | Reached skill level 5 in Fighting
  3184 | D:4      | Reached skill level 5 in Armour
  3393 | D:5      | Entered Level 5 of the Dungeon
  3518 | D:5      | Reached XP level 8. HP: 32/62 MP: 8/8
  4491 | D:6      | Noticed a two-headed ogre
  4499 | D:6      | HP: 1/64 [two-headed ogre/+0 giant club (22)]
  4500 | D:6      | Killed a two-headed ogre
  4501 | D:6      | Reached XP level 9. HP: 1/70 MP: 9/9
  4933 | D:6      | Noticed a boulder beetle
  4976 | D:6      | Found a snail-covered altar of Cheibriados.
  4976 | D:6      | Found a radiant altar of Vehumet.
  4982 | D:6      | Found a shimmering altar of Xom.
  4987 | D:6      | Found a glowing silver altar of Zin.
  5171 | D:6      | Became a worshipper of Zin the Law-Giver
  5171 | D:6      | Reached * piety under Zin
  5571 | D:6      | Reached ** piety under Zin
  5912 | D:6      | Reached skill level 1 in Invocations
  6236 | D:6      | Mangled by a boulder beetle

Illustrated notes

Levels and vault maps discovered:
D:1:      dpeg_arrival_rooms_b, layout_basic, hellmonk_ecumenical_altar_lost_god
D:2:      layout_rooms, serial_shops, nicolae_shop_peninsula,
          nicolae_shop_tiny_glass, nicolae_shop_stone,
          nicolae_shop_hallway_plus, shop, basic_altar, minmay_split_cup_small
D:3:      layout_basic, uniq_sigmund, uniq_jessica, uniq_ijyb, uniq_robin
D:4:      layout_basic
D:5:      nicolae_cairo_tiling_very_big, layout_basic,
          hangedman_abyss_or_decor_lesser_grid
D:6:      minmay_clustersquares, layout_layer_cave,
          nicolae_overflow_macrodata_refinement, nrook_loot_triangle,
          dk_vineyard_1

Skill      XL: |  1  2  3  4  5  6  7  8  9 |
---------------+----------------------------+-----
Staves         | 3 4 5 7 8 |  8.1
Fighting       | 4 5 6 7 |  7.0
Armour         | 4 5 6 |  6.9
Shields        | 5 6 7 8 |  8.3
Invocations    | 1 |  1.8

Action                     |  1- 3 |  4- 6 |  7- 9 || total
---------------------------+-------+-------+-------++-------
  Melee: Quarterstaff      |   116 |   138 |   297 ||   551
 Invoke: Recite            |       |       |     1 ||     1
Ability: Shaft Self        |       |       |     1 ||     1
    Use: Potion            |       |       |     1 ||     1
   Stab: Confused          |       |       |     1 ||     1
 Armour: Scale mail        |    83 |   103 |   230 ||   416
  Dodge: Dodged            |    62 |    73 |   125 ||   260
  Block: Buckler           |    36 |    30 |    89 ||   155

Table legend: (Time is in decaauts)
 A = Elapsed time spent in this place.
 B = Non-inter-level travel time spent in this place.
 C = Inter-level travel time spent in this place.
 D = Time resting spent in this place.
 E = Time spent auto-exploring this place.
 F = Levels seen in this place.
 G = Mean time per level.
                   A        B        C        D        E       F      G
               +--------+--------+--------+--------+--------+-----+--------+
         Total |   6273 |   6146 |    127 |   1047 |   3835 |   6 | 1045.5 |
       Dungeon |   6273 |   6146 |    127 |   1047 |   3835 |   6 | 1045.5 |
               +--------+--------+--------+--------+--------+-----+--------+

Top non-repeatable levels by time:
     D:6: 1901 daAuts
     D:4: 984 daAuts
     D:3: 963 daAuts
     D:1: 942 daAuts
     D:5: 932 daAuts
     D:2: 549 daAuts
